 Dungeon Crawl Stone Soup version 0.29.1-1-gd02db6906a (webtiles) character file.

Game seed: 3232260987290500595

65544 RogueRain17 the Severer (level 14, -2/101 HPs)
             Began as a Demonspawn Gladiator on Sept 22, 2022.
             Was the Champion of Makhleb.
             Slain by a boulder beetle (3 damage)
             ... on level 13 of the Dungeon on Sept 23, 2022.
             The game lasted 01:19:06 (20298 turns).

RogueRain17 the Severer (Demonspawn Gladiator)     Turns: 20298, Time: 01:19:07

Health: -2/101     AC: 26    Str: 20    XL:     14   Next: 75%
Magic:  21/21      EV: 13    Int: 10    God:    Makhleb [******]
Gold:   1543       SH:  5    Dex: 14    Spells: 13/13 levels left

rFire   + . .      SeeInvis .   O - +4 executioner's axe (freeze)
rCold   . . .      Faith    .   (shield currently unavailable)
rNeg    . . .      Spirit   .   F - +3 chain mail {Will+}
rPois   .          Reflect  +   c - +0 helmet
rElec   .          Harm     .   H - +0 cloak
rCorr   .          Rampage  .   I - +0 pair of gloves
Will    ++...                   (boots unavailable)
Stlth   ..........              t - amulet of reflection
HPRegen 1.26/turn               k - ring of protection from fire
MPRegen 0.17/turn               y - +4 ring of protection

@: no status effects
A: hooves 3, powered by death 1, spiny 2, sharp scales 3
a: Renounce Religion, Minor Destruction, Lesser Servant of Makhleb, Major
Destruction, Greater Servant of Makhleb


You were on level 13 of the Dungeon.
You worshipped Makhleb.
Makhleb was exalted by your worship.
You visited 3 branches of the dungeon, and saw 19 of its levels.
You also visited: Bailey.

You collected 1543 gold pieces.

Inventory:

Hand Weapons
 E - a +0 war axe of flaming
 O - a +4 executioner's axe of freezing (weapon)
 U - the +9 staff of Wucad Mu {*channel}
   (You found it on level 4 of the Lair of Beasts)

   It occasionally powers its wielder's spells, but with a chance of causing
   confusion or draining the wielder's intelligence.
   It becomes more likely to activate and less likely to backfire with increased
   Evocations skill.
Missiles
 d - 3 throwing nets (quivered)
 e - 6 javelins
Armour
 c - a +0 helmet (worn)
 F - a +3 chain mail of willpower (worn)
 G - a scarf of repulsion
 H - a +0 cloak (worn)
 I - a +0 pair of gloves (worn)
Jewellery
 k - a ring of protection from fire (left hand)
 t - an amulet of reflection (around neck)
 x - a +4 ring of evasion
 y - a +4 ring of protection (right hand)
 z - a ring of flight
 D - an amulet of faith
 M - an amulet of the acrobat
 N - the amulet "Ixkublirri" {Reflect rPois rC+ rCorr Str-3 Int+3 SH+5}
   (You found it on level 9 of the Dungeon)

   [amulet of reflection]

   It reflects blocked missile attacks.
   Str:       It affects your strength (-3).
   Int:       It affects your intelligence (+3).
   rC:        It protects you from cold.
   rPois:     It protects you from poison.
   rCorr:     It protects you from acid and corrosion.
   SH:        It affects your SH (+5).
 Q - an amulet of magic regeneration
Wands
 p - a wand of mindburst (15)
 v - a wand of charming (22)
 C - a wand of polymorph (5)
 J - a wand of quicksilver (20)
 V - a wand of iceblast (12)
Scrolls
 a - a scroll of fear
 f - a scroll of silence
 g - 4 scrolls of immolation
 l - 8 scrolls of vulnerability
 q - 4 scrolls of magic mapping
 u - 6 scrolls of teleportation
 A - 2 scrolls of butterflies
 P - 3 scrolls of poison
 R - 2 scrolls of identify
 T - 2 scrolls of amnesia
 W - a scroll of enchant armour
Potions
 b - 2 potions of mutation
 h - 3 potions of attraction
 i - 2 potions of haste
 j - 3 potions of heal wounds
 m - 7 potions of curing
 n - a potion of might
 o - 3 potions of magic
 r - 2 potions of flight {unknown}
 s - 2 potions of resistance {unknown}
 w - a potion of brilliance {unknown}
 B - 2 potions of invisibility {unknown}
 K - a potion of degeneration {unknown}
 S - 2 potions of lignification {unknown}
Miscellaneous
 L - a piece from Xom's chessboard (15/15)


   Skills:
 + Level 6.3 Fighting
 + Level 15.7 Axes
 - Level 2.6 Throwing
 - Level 12.0 Armour
 - Level 12.0 Dodging
 - Level 10.0 Invocations


You had 13 spell levels left.
You didn't know any spells.
Your spell library contained the following spells:

 Spells                   Type           Power      Damage    Failure   Level
 Foxfire                  Conj/Fire      0%         2x1d4     94%         1
 Blink                    Tloc           0%         N/A       98%         2
 Sublimation of Blood     Necr           0%         N/A       98%         2
 Conjure Flame            Conj/Fire      0%         6-21      100%        3
 Gell's Gravitas          Tloc           0%         N/A       100%        3
 Inner Flame              Hex/Fire       0%         N/A       100%        3
 Teleport Other           Tloc           0%         N/A       100%        3
 Tukima's Dance           Hex            0%         N/A       100%        3
 Animate Armour           Summ/Erth      0%         N/A       100%        4
 Flame Wave               Conj/Fire      0%         2d4       100%        4
 Passage of Golubria      Tloc           0%         N/A       100%        4
 Petrify                  Tmut/Erth      0%         N/A       100%        4
 Blade Hands              Tmut           0%         N/A       100%        5
 Irradiate                Conj/Tmut      0%         3d11      100%        5
 Manifold Assault         Tloc           0%         N/A       100%        5
 Summon Forest            Summ/Tloc      0%         N/A       100%        5
 Summon Mana Viper        Hex/Summ       0%         N/A       100%        5
 Yara's Violent Unravell  Hex/Tmut       0%         3d3       100%        5
 Dispersal                Tloc           0%         N/A       100%        6
 Iron Shot                Conj/Erth      0%         9d1       100%        6
 Summon Cactus Giant      Summ           0%         N/A       100%        6
 Storm Form               Tmut/Air       0%         N/A       100%        7


Dungeon Overview and Level Annotations

Branches:
Dungeon (13/15)            Temple (1/1) D:7            Lair (5/5) D:10
  Swamp (0/4) Lair:3       Spider (0/4) Lair:2        Slime (0/5) Lair:4
    Orc (0/2) D:12         Bailey (visited)
 Vaults: D:13-14

Altars:
Ashenzari
Cheibriados
Dithmenos
Fedhas
Gozag
Hepliaklqana
Kikubaaqudgha
Makhleb
Nemelex Xobeh
Okawaru
Qazlal
Ru
Sif Muna
Trog
Uskayaw
Vehumet
Wu Jian
Xom
Yredelemnul

Annotations:
D:5 3 runed translucent doors, RogueRain17's ghost, novice DsGl; Sigmund
D:8 exclusion: obsidian statue
D:9 3 runed translucent doors, middlethird's ghost, novice VSIE
D:11 3 runed translucent doors, olmar's ghost, journeyman GrFi
Lair:2 1 runed translucent door, Iusername's ghost, journeyman MiFi
Lair:5 exclusion: obsidian statue


Innate Abilities, Weirdness & Mutations

You have hooves in place of feet.
You regenerate a little health from kills.
You are mostly covered in sharp spines.
You are completely covered in razor-sharp scales. (AC +3, Slay +3)


Message History

You slash the ogre! You freeze the ogre.
The ogre hits you with a +0 giant spiked club!!
Lodul is struck by your spines.
Lodul hits you with a +5 vorpal great mace!!
* * * LOW HITPOINT WARNING * * *
x2 You slash Lodul!
You freeze Lodul. You kick Lodul!
Lodul is severely wounded.
You slice the ogre!! You freeze the ogre.
You kill the ogre!
Makhleb accepts your kill.
You feel better.
The boulder beetle curls into a ball and begins rolling!
You slice Lodul!! You freeze Lodul!
You kill Lodul!
Makhleb accepts your kill.
You feel better.
The deep elf pyromancer gestures wildly while chanting.
The deep elf pyromancer blinks!
You slash the ogre! You freeze the ogre. Your kick misses the ogre.
The ogre is heavily wounded.
You barely miss the ogre. The ogre is struck by your spines.
The ogre barely misses you.
The boulder beetle stops rolling and uncurls.
The ogre is struck by your spines. The ogre closely misses you.
You dice the ogre like an onion!!! You freeze the ogre.
You kill the ogre!
Makhleb accepts your kill.
You feel better.
You slash the ogre! You freeze the ogre.
The boulder beetle curls into a ball and begins rolling!
You barely miss the ogre. You kick the ogre.
You kill the ogre!
Makhleb accepts your kill.
You feel better.
You completely miss the boulder beetle.
You kick the boulder beetle, but do no damage.
The boulder beetle hits you!!!
* * * LOW HITPOINT WARNING * * *
The boulder beetle stops rolling and uncurls.
The boulder beetle bites you.
You die...

.......
...$.. .....
e... .O. #O#
##B# #)@#
#.## #)# #.#
#####'#######
#...........#
#...........#
#...........#
#...........#


You could see a boulder beetle, a deep elf pyromancer and 2 ogres.

Vanquished Creatures
  A dire elephant (Lair:5)
  Josephine (D:12)
  7 hydras
  A boulder beetle (D:12)
  A centaur warrior (D:10)
  3 two-headed ogres
  Erica (D:8)
  15 death yaks
  A spectral dire elephant (Lair:5)
  A spectral death yak (Lair:5)
  A skeletal warrior (D:10)
  Lodul (D:13)
  A spectral anaconda (Lair:5)
  A lindwurm (Lair:3)
  2 ugly things
  3 deep elf pyromancers
  4 necromancers (Lair:5)
  2 manticores
  A cyclops (D:12)
  16 elephants
  Joseph (D:8)
  7 black mambas
  A dire elephant zombie (Lair:5)
  Maggie (D:8)
  A dire elephant skeleton (Lair:5)
  2 torpor snails
  7 rime drakes
  7 komodo dragons
  7 cane toads
  3 trolls
  4 slime creatures
  8 blink frogs
  2 dream sheep (Lair:2)
  9 wraiths
  A shadow (D:10)
  A water elemental (D:11)
  A dire elephant simulacrum (Lair:5)
  A vampire (D:12)
  2 wyverns
  42 yaks
  3 basilisks
  A steam dragon (D:9)
  A death yak simulacrum (Lair:5)
  Edmund (D:6)
  2 redbacks (Lair:2)
  2 spectral cane toads (Lair:5)
  An acid dragon (D:12)
  Duvessa (D:6)
  13 water moccasins
  19 orc warriors
  5 black bears
  7 ogres
  5 centaurs
  18 wolves
  An elephant skeleton (Lair:5)
  11 kobold brigands
  11 bullfrogs
  3 scorpions (D:6)
  A gnoll sergeant (D:10)
  8 necrophages
  A cane toad simulacrum (Lair:5)
  8 wights (D:7)
  Dowan (D:6)
  5 killer bees (D:10)
  An elephant simulacrum (Lair:5)
  5 electric eels (D:11)
  3 howler monkeys (D:8)
  A crimson imp (D:4)
  6 hounds
  3 jellies
  11 orc priests
  2 gnoll boudas
  Ijyb (D:3)
  5 iguanas
  9 orc wizards
  Robin (D:4)
  13 gnolls
  6 adders
  2 white imps
  2 ufetubi (D:5)
  2 worms
  3 dart slugs
  68 orcs
  5 bats
  6 endoplasms
  3 giant cockroaches
  9 goblins
  9 hobgoblins
  35 kobolds
  5 quokkas
  5 ball pythons
  3 frilled lizards
  2 goblin skeletons (D:4)
  3 goblin zombies (D:4)
  2 hobgoblin zombies (D:4)
  5 rats
537 creatures vanquished.

Vanquished Creatures (collateral kills)
  2 dire elephants (Lair:5)
2 creatures vanquished.

Vanquished Creatures (others)
  A goblin (D:4)
  13 fungi
  33 plants
  29 withered plants (Lair:5)
76 creatures vanquished.

Grand Total: 615 creatures vanquished

Notes
Turn   | Place    | Note
-------+----------+-------------------------------------------
     0 | D:1      | RogueRain17 the Demonspawn Gladiator began the quest for
                  | the Orb.
     0 | D:1      | Reached XP level 1. HP: 16/16 MP: 1/1
   193 | D:1      | Gained mutation: You are partially covered in razor-sharp
                  | scales. (AC +1, Slay +1) [demonic ancestry]
   193 | D:1      | Reached XP level 2. HP: 19/22 MP: 2/2
   408 | D:1      | Found a faded altar of an unknown god.
  1019 | D:2      | Reached skill level 3 in Axes
  1019 | D:2      | Reached XP level 3. HP: 23/28 MP: 3/3
  1469 | D:2      | Reached XP level 4. HP: 24/34 MP: 4/4
  1990 | D:2      | Found a shimmering altar of Xom.
  2109 | D:3      | Noticed Ijyb
  2122 | D:3      | Killed Ijyb
  2123 | D:3      | Gained mutation: You are partially covered in sharp spines.
                  | [demonic ancestry]
  2123 | D:3      | Reached XP level 5. HP: 32/41 MP: 5/5
  2400 | D:3      | Reached skill level 4 in Axes
  2792 | D:4      | Noticed Robin
  2807 | D:4      | Killed Robin
  2811 | D:4      | Gained mutation: You are mostly covered in razor-sharp
                  | scales. (AC +2, Slay +2) [demonic ancestry]
  2811 | D:4      | Reached XP level 6. HP: 36/47 MP: 6/6
  3051 | D:4      | Reached skill level 5 in Axes
  3269 | D:4      | Gained mutation: You have large cloven feet. [demonic
                  | ancestry]
  3269 | D:4      | Reached XP level 7. HP: 16/52 MP: 7/7
  3513 | D:4      | Found a hazy altar of Hepliaklqana.
  3970 | D:5      | Entered Level 5 of the Dungeon
  4057 | D:5      | Reached skill level 6 in Axes
  4076 | D:5      | Reached skill level 5 in Dodging
  4250 | D:5      | Noticed Sigmund
  4677 | D:5      | Noticed a troll
  4686 | D:5      | Killed a troll
  4687 | D:5      | Reached skill level 7 in Axes
  4687 | D:5      | Gained mutation: You are mostly covered in sharp spines.
                  | [demonic ancestry]
  4687 | D:5      | Reached XP level 8. HP: 58/58 MP: 8/8
  4769 | D:5      | Found a runed translucent gate.
  4770 | D:5      | Found a runed translucent gate.
  4771 | D:5      | Noticed RogueRain17's ghost (novice DsGl)
  4774 | D:5      | Found a runed translucent gate.
  5261 | D:6      | Noticed Duvessa
  5261 | D:6      | Noticed Dowan
  5287 | D:6      | Killed Duvessa
  5290 | D:6      | Killed Dowan
  5389 | D:6      | Reached skill level 8 in Axes
  5646 | D:6      | Noticed Edmund
  5656 | D:6      | Killed Edmund
  5954 | D:7      | Reached XP level 9. HP: 63/63 MP: 9/9
  5983 | D:7      | Reached skill level 9 in Axes
  6374 | D:7      | Found a staircase to the Ecumenical Temple.
  6407 | Temple   | Entered the Ecumenical Temple
  6407 | Temple   | Found a transporter.
  6407 | Temple   | Found a transporter.
  6409 | Temple   | Found a transporter.
  6409 | Temple   | Found a transporter.
  6433 | Temple   | Became a worshipper of Makhleb the Destroyer
  6656 | D:8      | Noticed Joseph
  6663 | D:8      | Reached skill level 10 in Axes
  6668 | D:8      | Killed Joseph
  6716 | D:8      | Gained mutation: You have hoof-like feet. [demonic
                  | ancestry]
  6716 | D:8      | Reached XP level 10. HP: 63/70 MP: 10/10
  6719 | D:8      | Reached skill level 11 in Axes
  6737 | D:8      | Noticed Maggie
  6758 | D:8      | Killed Maggie
  6886 | D:8      | Found a radiant altar of Vehumet.
  6986 | D:8      | Noticed an obsidian statue
  7155 | D:8      | Found a flagged portal.
  7165 | D:8      | Reached * piety under Makhleb
  7172 | Bailey   | Entered a bailey
  7314 | Bailey   | Found a burning altar of Makhleb.
  7490 | D:8      | Noticed Erica
  7502 | D:8      | Killed Erica
  7503 | D:8      | Reached skill level 12 in Axes
  7733 | D:9      | Found an opulent altar of Gozag.
  7913 | D:9      | Reached ** piety under Makhleb
  8034 | D:9      | Identified the amulet "Ixkublirri" {Reflect rPois rC+ rCorr
                  | Str-3 Int+3 SH+5}
  8185 | D:9      | Found a runed translucent gate.
  8185 | D:9      | Found a runed translucent gate.
  8185 | D:9      | Noticed middlethird's ghost (novice VSIE)
  8185 | D:9      | Noticed an 11-headed hydra
  8186 | D:9      | Found a runed translucent gate.
  8334 | D:9      | Noticed a two-headed ogre
  8340 | D:9      | Killed a two-headed ogre
  8614 | D:10     | Entered Level 10 of the Dungeon
  8692 | D:10     | Found a staircase to the Lair.
  8717 | Lair:1   | Entered Level 1 of the Lair of Beasts
  8717 | Lair:1   | Noticed a four-headed hydra
  8728 | Lair:1   | Gained mutation: You have hooves in place of feet. [demonic
                  | ancestry]
  8728 | Lair:1   | Reached XP level 11. HP: 43/75 MP: 11/11
  8735 | Lair:1   | Killed a two-headed hydra
  8741 | D:10     | Noticed a centaur warrior
  8741 | D:10     | Noticed an ogre mage
  8741 | D:10     | Noticed a deep elf pyromancer
  8741 | D:10     | Noticed a skeletal warrior
  8741 | D:10     | Noticed a deep elf pyromancer
  9133 | D:10     | Killed a centaur warrior
  9134 | D:10     | Reached skill level 13 in Axes
  9364 | Lair:1   | Reached skill level 10 in Dodging
  9516 | Lair:1   | Reached *** piety under Makhleb
  9677 | Lair:1   | Reached skill level 14 in Axes
  9687 | Lair:1   | Noticed a five-headed hydra
  9699 | Lair:1   | Killed a one-headed hydra
 10307 | Lair:2   | Gained mutation: You regenerate a little health from kills.
                  | [demonic ancestry]
 10307 | Lair:2   | Reached XP level 12. HP: 81/81 MP: 12/12
 10556 | Lair:2   | Reached skill level 15 in Axes
 10647 | Lair:2   | Reached skill level 1 in Invocations
 10654 | Lair:2   | Reached skill level 1 in Armour
 10757 | Lair:2   | Found a runed translucent door.
 10757 | Lair:2   | Found a shimmering altar of Xom.
 10757 | Lair:2   | Noticed Iusername's ghost (journeyman MiFi)
 10757 | Lair:2   | Identified the +11 executioner's axe "Aclof" {chaos,
                  | *Corrode Will+ Str+4 Dex+4}
 10872 | Lair:2   | Found a hole to the Spider Nest.
 11105 | Lair:3   | Reached **** piety under Makhleb
 11713 | Lair:3   | Noticed an eight-headed hydra
 11720 | Lair:3   | Killed a four-headed hydra
 11721 | Lair:3   | Reached skill level 5 in Invocations
 11973 | Lair:3   | Found a staircase to the Swamp.
 12558 | Lair:4   | You fall into a shaft and drop 1 floor!
 12558 | Lair:5   | Entered Level 5 of the Lair of Beasts
 12558 | Lair:5   | Noticed a death yak
 12558 | Lair:5   | Noticed a death yak
 12558 | Lair:5   | Noticed a death yak
 12574 | Lair:5   | Killed a death yak
 12574 | Lair:5   | Noticed a six-headed hydra
 12582 | Lair:5   | Killed a death yak
 12593 | Lair:5   | Noticed a death yak
 12598 | Lair:5   | Killed a two-headed hydra
 12599 | Lair:5   | Reached skill level 5 in Armour
 12599 | Lair:5   | Reached XP level 13. HP: 69/86 MP: 18/18
 13385 | Lair:4   | Found the +9 staff of Wucad Mu {*channel}
 13646 | Lair:4   | Reached ***** piety under Makhleb
 13686 | Lair:4   | Found a staircase to the Slime Pits.
 13828 | Lair:5   | Reached skill level 10 in Invocations
 14564 | Lair:5   | Noticed a dire elephant
 14564 | Lair:5   | Noticed a dire elephant
 14567 | Lair:5   | Noticed a dire elephant
 14595 | Lair:5   | Killed a dire elephant
 14713 | Lair:5   | Reached skill level 10 in Armour
 15206 | Lair:5   | Gained mutation: You are completely covered in razor-sharp
                  | scales. (AC +3, Slay +3) [demonic ancestry]
 15206 | Lair:5   | Reached XP level 14. HP: 93/93 MP: 21/21
 17113 | D:9      | Identified a scroll of acquirement
 17113 | D:9      | Acquired a +1 executioner's axe of freezing
 17399 | D:10     | Identified the +6 morningstar of the Iron City of Dis
                  | {protect, Contam rN+ rCorr}
 18944 | D:11     | Found a faded altar of an unknown god.
 18944 | D:11     | Found a hazy altar of Hepliaklqana.
 18946 | D:11     | Found a faded altar of an unknown god.
 19088 | D:11     | Found a runed translucent gate.
 19088 | D:11     | Found a runed translucent gate.
 19089 | D:11     | Found a runed translucent gate.
 19091 | D:11     | Noticed olmar's ghost (journeyman GrFi)
 19376 | D:12     | Noticed Josephine
 19385 | D:12     | Killed Josephine
 19441 | D:12     | Reached skill level 5 in Fighting
 19466 | D:12     | Found a staircase to the Orcish Mines.
 19901 | D:12     | Reached ****** piety under Makhleb
 20285 | D:13     | Noticed Lodul
 20294 | D:13     | Killed Lodul
 20298 | D:13     | HP: 1/101 [boulder beetle (44)]
 20298 | D:13     | Slain by a boulder beetle

Illustrated notes

Levels and vault maps discovered:
D:1:      dpeg_arrival_three_same_balls, layout_loops_ring,
          chequers_ecumenical_altar_simple_redux
D:2:      layout_basic, basic_altar
D:3:      layout_rooms, uniq_ijyb
D:4:      layout_basic, nicolae_tso_besieged_by_evil,
          mainiacjoe_overflow_concentric_impassable, uniq_robin
D:5:      layout_gridville, biasface_ghost_orc_armoury, uniq_sigmund
D:6:      layout_basic, minmay_misc_feat_nine_boxes, uniq_duvessa, uniq_edmund
D:7:      layout_cave_pools, minmay_temple_entry_crystal_x
D:8:      minmay_statue_hallways, layout_gridville, mainiacjoe_overflow_swirl,
          enter_bailey_2, uniq_maggie, uniq_erica, uniq_joseph
D:9:      layout_long_grid, grunt_gozag_breadcrumbs, gammafunk_ghost_hydra_chop
D:10:     minmay_slanted_spiral_squares, layout_long_grid, dpeg_oklobed_lair,
          grunt_ministairs_1
D:11:     layout_basic, gammafunk_ghost_split,
          nicolae_hepliaklqana_ecumenical_no_more
D:12:     layout_roguey [special_room_orc], minmay_orc_entry_temple_small,
          chequers_serial_rivers_large_a, uniq_josephine
D:13:     layout_roguey, uniq_lodul
Temple:   hellmonk_temple_divided_pantheon
Lair:1:   layout_cave_shapes
Lair:2:   layout_small_grid, spider_nest_entry_webs, ebering_ghost_xom,
          lemuel_fruit_tree
Lair:3:   layout_regular_city, swamp_mist_pool, roderic_carrion_pond,
          grunt_megastairs_2
Lair:4:   layout_concentric_octagons, slime_entry_1
Lair:5:   due_jungle_book, layout_cave_pods, dreamdust_deal_with_the_devil

Skill      XL: |  1  2  3  4  5  6  7  8  9 10 11 12 13 14 |
---------------+-------------------------------------------+-----
Throwing       | 2 |  2.6
Axes           | 3 4 5 7 8 10 12 14 15 | 15.7
Dodging        | 3 4 5 6 8 9 10 12 | 12.0
Fighting       | 3 6 |  6.3
Invocations    | 7 10 | 10.0
Armour         | 5 10 12 | 12.0

Action                   |  1- 3 |  4- 6 |  7- 9 | 10-12 | 13-15 || total
-------------------------+-------+-------+-------+-------+-------++-------
Melee: War axe           |    67 |   126 |   195 |   447 |   551 ||  1386
       Punch             |       |     1 |     4 |     7 |    12 ||    24
       Kick              |       |       |    65 |   167 |   313 ||   545
       Executioner's axe |       |       |       |       |   166 ||   166
Invok: Major Destruction |       |       |       |       |    16 ||    16
Evoke: Wand              |       |     1 |     8 |    16 |     1 ||    26
       Piece from Xom's  |       |       |       |     4 |       ||     4
  Use: Scroll            |       |       |     9 |     8 |    15 ||    32
       Potion            |       |       |     1 |     2 |     5 ||     8
 Stab: Sleeping          |     1 |       |       |       |       ||     1
       Distracted        |     1 |       |       |       |       ||     1
Armor: Leather armour    |    20 |    35 |    12 |       |       ||    67
       Troll leather arm |       |       |    30 |     7 |       ||    37
       Chain mail        |       |       |       |   158 |   212 ||   370
Dodge: Dodged            |    56 |    73 |   130 |   271 |   344 ||   874
       Repelled          |       |       |     1 |     4 |     2 ||     7
Block: Other             |       |    19 |    55 |    84 |    82 ||   240
       Reflection        |       |       |     4 |     2 |       ||     6
